 Dungeon Crawl Stone Soup version 0.32-a0-351-gc6a9d31 (webtiles) character file.

Game seed: 5970097032357824023

664 jagoly the Digger (level 7, 0/56 HPs)
             Began as an Armataur Wanderer on Feb 17, 2024.
             Slain by a hound (2 damage)
             ... on level 5 of the Dungeon.
             The game lasted 00:22:51 (3902 turns).

jagoly the Digger (Armataur Wanderer)               Turns: 3902, Time: 00:22:51

Health: 0/56       AC:  4    Str: 15    XL:     7   Next: 31%
Magic:  0/10       EV:  9    Int: 18    God:
Gold:   140        SH:  0    Dex: 11    Spells: 6/10 levels left

rFire   . . .        o - +0 quarterstaff
rCold   + . .        (shield currently unavailable)
rNeg    . . .        b - +0 leather armour "Ytocot" {rC+ Dex+3}
rPois   .            (no helmet)
rElec   .            (no cloak)
rCorr   .            (no gloves)
SInv    .            (no barding)
Will    .....        (no amulet)
Stlth   +            (no ring)
HPRegen 0.29/turn    (no ring)
MPRegen 0.12/turn

%: roll
@: no status effects
A: large, deformed body, tough skin 3, armoured tail, roll 2
a: no special abilities


You were on level 5 of the Dungeon.
You visited 1 branch of the dungeon, and saw 5 of its levels.
You also visited: Sewer.

You collected 140 gold pieces.

Inventory:

Hand Weapons
 a - a +0 dagger
 f - a +0 hand axe of flaming
 i - a +0 dagger of speed
 o - a +0 quarterstaff (weapon)
 q - a +0 flail
Missiles
 j - 67 stones
 s - 7 poisoned darts
Armour
 b - the +0 leather armour "Ytocot" (worn) {rC+ Dex+3}
   (You found it on level 4 of the Dungeon)

   Dex+3:     It affects your dexterity (+3).
   rC+:       It protects you from cold.
 x - a +0 buckler
Wands
 y - a wand of polymorph (4)
Scrolls
 c - a scroll of silence
 d - 2 scrolls of enchant weapon
 g - 2 scrolls of teleportation
 k - a scroll of enchant armour {unknown}
 l - a scroll of acquirement {unknown}
 m - a scroll of revelation {unknown}
 n - a scroll of butterflies {unknown}
 p - a scroll of blinking {unknown}
 t - 2 scrolls of fog
Potions
 h - a potion of might {unknown}
 u - a potion of degeneration {unknown}
 v - a potion of haste {unknown}
 w - a potion of ambrosia {unknown}
 z - a potion of enlightenment {unknown}


   Skills:
 - Level 2.6 Fighting
 - Level 1.2 Armour
 - Level 2.0 Spellcasting
 + Level 3.8 Conjurations
 - Level 2.6 Air Magic
 - Level 6.0 Earth Magic


You had 6 spell levels left.
You knew the following spells:

 Your Spells              Type           Power      Damage    Failure   Level
a - Sandblast             Erth           46%        2d11      1%          1
c - Stone Arrow           Conj/Erth      38%        3d9       9%          3

Your spell library contained the following spells:

 Spells                   Type           Power      Damage    Failure   Level
 Shock                    Conj/Air       52%        1d6       6%          1
 Necrotise                Necr           4%         1d4       22%         1
 Vampiric Draining        Necr           1%         2d6       54%         3
 Summon Lightning Spire   Summ/Air       6%         N/A       77%         4
 Vhi's Electric Charge    Tloc/Air       12%        N/A       77%         4
 Martyr's Knell           Necr/Summ      1%         N/A       91%         4
 Curse of Agony           Necr           1%         N/A       99%         5


Dungeon Overview and Level Annotations

Branches:
Dungeon (5/15) Zot: 26331   Sewer (visited)
 Temple: D:4-7

Altars:
Hepliaklqana
Kikubaaqudgha
Nemelex Xobeh
Okawaru
Qazlal
Ru
Wu Jian

Annotations:
D:2 1 runed translucent door, Crazy Yiuf, Sigmund


Innate Abilities, Weirdness & Mutations

Armour fits poorly on your strangely shaped body.
You have extremely tough skin. (AC +3)
You have a long armoured tail.
You regenerate magic and health when rolling toward enemies. (Rampage Regen)


Message History

There is an open door here.
Cast which spell? (? or * to list)
Aiming: Sandblast (safe; 1% risk of failure)
Press: ? - help, Shift-Dir - straight line, f - ribbon worm
Aim: a ribbon worm (94% to hit)
The blast of sand misses the ribbon worm.
The hobgoblin barely misses you.
Cast which spell? (? or * to list)
Aiming: Sandblast (safe; 1% risk of failure)
Press: ? - help, Shift-Dir - straight line, f/p - ribbon worm
Aim: a ribbon worm (94% to hit)
The blast of sand hits the ribbon worm!
You kill the ribbon worm!
The hobgoblin hits you.
The hobgoblin hits you but does no damage.
Cast which spell? (? or * to list)
Aiming: Sandblast (safe; 1% risk of failure)
Press: ? - help, Shift-Dir - straight line, f - adder
Aim: an adder (72% to hit)
The blast of sand hits the adder!
The adder is severely wounded.
The hobgoblin hits you.
Cast which spell? (? or * to list)
Aiming: Sandblast (safe; 1% risk of failure)
Press: ? - help, Shift-Dir - straight line, f/p - adder
Aim: an adder (severely wounded, 72% to hit)
The blast of sand hits the adder!
You kill the adder!
The hobgoblin hits you but does no damage.
The hobgoblin closely misses you.
The blast of sand hits the hobgoblin.
The hobgoblin is almost dead.
The hobgoblin closely misses you.
The blast of sand hits the hobgoblin.
You kill the hobgoblin!
HP restored.
There is a stone staircase leading down here.
There is an open door here.
You now have 119 gold pieces (gained 10).
h - 4 scrolls labelled XIMEFUTSOO (gained 1) As you open the door, it creaks loudly!
There is an open door here.
t - 2 scrolls labelled SAJULO CATSU (gained 1)
You open the door.
Found a stone staircase leading up and a stone staircase leading down.
There is an open door here.
There is a stone staircase leading up here.
As you read the scroll labelled XIMEFUTSOO, it crumbles to dust.
It is a scroll of identify.
d - 2 scrolls of enchant weapon
As you read the scroll of identify, it crumbles to dust.
g - 2 scrolls of teleportation
As you read the scroll of identify, it crumbles to dust.
r - 2 potions of curing
As you read the scroll of identify, it crumbles to dust.
t - 2 scrolls of fog
There is a stone staircase leading down here.
You open the door.
A dart slug comes into view.
The dart slug launches a dart at you. The slug dart hits you.
The blast of sand hits the dart slug!
The dart slug is almost dead.
The dart slug launches a dart at you. The slug dart hits you.
The blast of sand hits the dart slug.
You kill the dart slug!
You open the door.
A hound comes into view.
The blast of sand hits the hound.
The hound is moderately wounded.
The blast of sand hits the hound!!
You kill the hound!
Your Conjurations skill increases to level 1!
A hobgoblin comes into view.
The hobgoblin shouts!
A goblin comes into view. It is wielding a +0 club.
The blast of sand hits the goblin!
You kill the goblin!
You roll towards the hobgoblin!
The blast of sand hits the hobgoblin!
You kill the hobgoblin!
Things that are here:
a +0 club; a goblin corpse
h - a coppery potion You now have 133 gold pieces (gained 14).
As you open the door, it creaks loudly!
You open the door.
There is an open door here.
You open the door.
There is an open door here.
There is an open door here.
A kobold comes into view. It is wielding a +0 club.
The blast of sand hits the kobold!
You kill the kobold!
You open the door.
There is an open door here.
A hobgoblin comes into view.
The hobgoblin shouts!
You roll towards the hobgoblin!
The blast of sand hits the hobgoblin.
The hobgoblin is almost dead.
The hobgoblin hits you but does no damage.
The hobgoblin barely misses you.
The blast of sand hits the hobgoblin!
You kill the hobgoblin!
There is an open door here.
You open the door.
There is an open door here.
As you open the door, it creaks loudly!
There is an open door here.
You now have 140 gold pieces (gained 7).
y - a wand of polymorph (4)
z - a blue potion You open the door.
An adder comes into view.
The adder hisses angrily.
The blast of sand hits the adder!!
You kill the adder!
There is an open door here.
You open the door.
There is an open door here.
Key pressed, stopping explore.
You open the door.
There is an open door here.
You open the door.
Found a club.
There is an open door here.
You open the door.
There is an open door here.
r - 3 potions of curing (gained 1)
Found an ancient bone altar of Kikubaaqudgha.
Found a hazy altar of Hepliaklqana.
An adder comes into view.
Found a sacrificial altar of Ru.
Found three altars.
The adder hisses angrily.
You roll towards the adder!
Found a stormy altar of Qazlal.
The blast of sand hits the adder!
The adder is severely wounded.
The adder barely misses you. x2
The blast of sand hits the adder!
You kill the adder!
You see here an adder corpse.
Key pressed, stopping explore.
Unknown command.
A sleepcap comes into view.
Cast which spell? (? or * to list)
You don't know that spell.
Cast which spell? (? or * to list)
You can't see any susceptible monsters within range! (Use Z to cast anyway.) Cast which spell? (? or * to list)
Aiming: Stone Arrow (dangerous; 11% risk of failure)
Press: ? - help, Shift-Dir - straight line, f - sleepcap
Aim: a sleepcap (100% to hit)
The stone arrow hits the sleepcap!
The sleepcap is heavily damaged.
Cast which spell? (? or * to list)
Aiming: Stone Arrow (dangerous; 11% risk of failure)
Press: ? - help, Shift-Dir - straight line, f/p - sleepcap
Aim: a sleepcap (heavily damaged, 100% to hit)
The stone arrow hits the sleepcap!
The sleepcap is severely damaged.
Cast which spell? (? or * to list)
Aiming: Sandblast (safe; 1% risk of failure)
Press: ? - help, Shift-Dir - straight line, f/p - sleepcap
Aim: a sleepcap (severely damaged, 100% to hit)
The blast of sand hits the sleepcap!
You destroy the sleepcap!
Your Conjurations skill increases to level 2!
Magic restored.
You open the door.
There is an open door here.
j - 67 stones (gained 7)
There is an open door here.
You open the door.
There is an open door here.
There is an open door here.
As you open the door, it creaks loudly!
There is an open door here.
You see here a +0 club.
There is an open door here.
You open the door.
A giant cockroach comes into view.
There is an open door here.
The blast of sand hits the giant cockroach.
The giant cockroach is severely wounded.
The giant cockroach bites you but does no damage.
The blast of sand hits the giant cockroach!
You kill the giant cockroach!
You see here a giant cockroach corpse.
As you open the door, it creaks loudly!
You hear an angry hiss. x2
An adder comes into view.
A ball python comes into view.
Cast which spell? (? or * to list)
Aiming: Sandblast (safe; 1% risk of failure)
Press: ? - help, Shift-Dir - straight line, f - ball python
Aim: a ball python (81% to hit)
The blast of sand hits the ball python!
You kill the ball python!
The blast of sand misses the adder.
The blast of sand hits the adder!
You kill the adder!
There is an open door here.
You see here an adder corpse.
You see here a ball python corpse.
There is an open door here.
You see here an adder corpse.
There is an open door here.
You see here an adder corpse.
Found 5 atropa-tipped darts.
An iguana comes into view.
A kobold comes into view. It is wielding a +0 short sword.
You roll towards the kobold!
The blast of sand hits the kobold!
You kill the kobold!
An iguana is nearby!
The iguana hisses angrily.
Things that are here:
a +0 short sword; a kobold corpse You roll towards the iguana!
The blast of sand hits the iguana but does no damage.
The iguana completely misses you.
The blast of sand hits the iguana!
The iguana is heavily wounded.
The iguana closely misses you.
The blast of sand hits the iguana.
The iguana is almost dead.
The iguana bites you. The iguana barely misses you.
The blast of sand hits the iguana.
You kill the iguana!
You have reached level 7!
You begin to regenerate health when rolling toward enemies.
HP restored.
An iguana comes into view.
You roll towards the iguana!
The blast of sand hits the iguana.
The iguana is moderately wounded.
The blast of sand hits the iguana.
The iguana is heavily wounded.
The iguana barely misses you.
The blast of sand hits the iguana!
You kill the iguana!
You open the door.
There is an open door here.
You see here the +0 leather armour "Ytocot" {rC+ Dex+3}.
You drop a +0 ring mail.
You start removing your armour.
You continue taking off your +0 robe. x4
You finish taking off your +0 robe.
You drop a +0 robe.
You start putting on your armour.
You continue putting on the +0 leather armour "Ytocot" {rC+ Dex+3}. x4
You finish putting on the +0 leather armour "Ytocot" {rC+ Dex+3}.
You feel agile.
You open the door.
There is an open door here.
You open the door.
There is an open door here.
Things that are here:
a +0 robe; a +0 ring mail
There is an open door here.
You see here a ball python corpse.
There is an open door here.
You see here an adder corpse.
An orc comes into view. It is wielding a +0 club.
The orc shouts!
The orc throws a boomerang.
The boomerang closely misses you.
The blast of sand hits the orc!
You kill the orc!
Magic restored.
There is an open door here.
A quokka comes into view.
A quokka is nearby!
You roll towards the quokka!
The blast of sand misses the quokka.
The blast of sand hits the quokka!
You kill the quokka!
You can't see any susceptible monsters within range! (Use Z to cast anyway.)
You see here a quokka corpse.
You open the door.
There is an open door here.
Things that are here:
a +0 club; a goblin skeleton
There is an open door here.
There is an open door here.
Done exploring.
Done exploring.
Done exploring.
There is a stone staircase leading down here.
You climb downwards.
There is a stone staircase leading up here.
Found a robe.
Found a stone staircase leading up.
There is a stone staircase leading up here.
An orc comes into view. It is wielding a +0 club.
The orc shouts!
You hear a bark!
An orc comes into view. It is wielding a +0 vampiric falchion.
There is a stone staircase leading up here.
The blast of sand hits the orc!
You kill the orc!
Your Conjurations skill increases to level 3!
You start resting.
An orc is nearby!
The blast of sand hits the orc.
The orc is severely wounded.
The orc shouts!
You hear a shout!
You hear a bark!
The orc hits you with a +0 vampiric falchion.
The orc draws strength from your wounds!
The blast of sand hits the orc!
You kill the orc!
You see here a +0 vampiric falchion.
You start resting.
A jackal comes into view.
The blast of sand misses the jackal.
An orc comes into view. It is wielding a +0 club.
The jackal bites you but does no damage.
The jackal attacks as it pursues you!
The jackal bites you but does no damage.
There is a stone staircase leading up here.
Aiming: Sandblast (safe; 1% risk of failure)
Press: ? - help, Q - select action, (/) - cycle Shift-Dir - straight line, f/p - jackal
Aim: a jackal (79% to hit)
Okay, then.
Cast which spell? (? or * to list)
Aiming: Sandblast (safe; 1% risk of failure)
Press: ? - help, Shift-Dir - straight line, f - orc, p - jackal
Aim: an orc, wielding a +0 club (83% to hit)
The blast of sand hits the jackal.
The jackal is almost dead.
The jackal barely misses you.
The jackal bites you but does no damage.
Cast which spell? (? or * to list)
Aiming: Sandblast (safe; 1% risk of failure)
Press: ? - help, Shift-Dir - straight line, f/p - orc
Aim: an orc, wielding a +0 club (83% to hit)
The blast of sand hits the jackal!
You kill the jackal!
The orc hits you but does no damage.
The blast of sand hits the orc!
You kill the orc!
A jackal comes into view.
The blast of sand hits the jackal!
You kill the jackal!
Magic restored.
Things that are here:
a +0 club; a +0 vampiric falchion You see here a +0 club.
Found a hand axe.
A gnoll comes into view. It is wielding a +0 flail.
Found an escape hatch in the ceiling.
The gnoll shouts!
You hear a shout!
You hear an angry hiss.
You start waiting.
A gnoll is nearby!
The blast of sand hits the gnoll.
The gnoll is lightly wounded.
You miscast Sandblast.
You are very lightly contaminated with residual magic.
Nothing appears to happen.
You roll towards the gnoll!
You hit the gnoll. You burn the gnoll.
The gnoll is severely wounded.
A hound comes into view.
The gnoll hits you but does no damage.
The hound moves out of view.
The blast of sand misses the gnoll.
The gnoll hits you with a +0 flail. The gnoll closely misses you.
The blast of sand hits the gnoll!
You kill the gnoll!
An adder comes into view.
You roll towards the adder!
A dart slug and 2 gnolls come into view.
A gnoll sergeant comes into view. It is wielding a +0 spear.
The hound barks!
The adder hisses angrily.
The gnoll sergeant shouts!
The gnoll shouts! x2
The gnoll sergeant moves out of view.
Your magical contamination has completely faded away.
The gnoll attacks as it pursues you! The gnoll hits you but does no damage.
Things that are here:
a +0 flail; a gnoll corpse You miscast Sandblast.
You are very lightly contaminated with residual magic.
Nothing appears to happen.
The gnoll hits you from afar with a +0 halberd!
The blast of sand hits the gnoll!
The gnoll is severely wounded.
The gnoll barely misses you. The gnoll closely misses you.
The blast of sand hits the gnoll!
You kill the gnoll!
The blast of sand misses the adder.
The blast of sand hits the gnoll sergeant but does no damage.
The adder bites you but does no damage. The gnoll sergeant barely misses you.
The adder bites you but does no damage.
The blast of sand hits the adder!
You kill the adder!
The gnoll sergeant hits you from afar with a +0 spear!
Your magical contamination has completely faded away.
The gnoll sergeant blocks the blast of sand.
The gnoll sergeant hits you from afar with a +0 spear.
The gnoll sergeant barely misses you.
The blast of sand hits the gnoll sergeant but does no damage.
The gnoll sergeant closely misses you.
The blast of sand hits the gnoll sergeant.
The gnoll sergeant is moderately wounded.
The gnoll sergeant hits you from afar with a +0 spear! x2
The blast of sand hits the gnoll sergeant but does no damage.
The gnoll sergeant is moderately wounded.
The gnoll sergeant barely misses you.
The blast of sand hits the gnoll sergeant.
The gnoll sergeant is heavily wounded.
The gnoll sergeant hits you from afar with a +0 spear.
* * * LOW HITPOINT WARNING * * *
The gnoll sergeant hits you from afar with a +0 spear!
* * * LOW HITPOINT WARNING * * *
Aiming: Polymorph
Press: ? - help, Shift-Dir - straight line, f/p - gnoll sergeant
Aim: a gnoll sergeant, wielding a +0 spear, wearing a +0 scale mail and wearing a +0 buckler (heavily wounded, will become a brain worm, a ribbon worm, or an orc, chance to affect: 49%)
Okay, then.
Okay, then.
You feel better.
The gnoll sergeant hits you from afar with a +0 spear.
* * * LOW HITPOINT WARNING * * *
Cast which spell? (? or * to list)
Aiming: Stone Arrow (dangerous; 10% risk of failure)
Press: ? - help, Shift-Dir - straight line, f/p - gnoll sergeant
Aim: a gnoll sergeant, wielding a +0 spear, wearing a +0 scale mail and wearing a +0 buckler (heavily wounded, 77% to hit)
The stone arrow hits the gnoll sergeant!
The gnoll sergeant is almost dead.
The gnoll sergeant hits you from afar with a +0 spear.
* * * LOW HITPOINT WARNING * * *
Cast which spell? (? or * to list)
Aiming: Stone Arrow (dangerous; 10% risk of failure)
Press: ? - help, Shift-Dir - straight line, f/p - gnoll sergeant
Aim: a gnoll sergeant, wielding a +0 spear, wearing a +0 scale mail and wearing a +0 buckler (almost dead, 77% to hit)
The stone arrow hits the gnoll sergeant!
You kill the gnoll sergeant!
* * * LOW MAGIC WARNING * * *
Okay, then.
Okay, then.
Press: ? - help, v - describe, . - travel, g - get item
Here: a gnoll, wielding a +0 halberd
Items here: ))) [[ ††.
The floor.
Okay, then.
Your +0 hand axe of flaming stops flaming.
o - a +0 quarterstaff (weapon)
Press: ? - help, v - describe, . - travel, g - get item
Here: a gnoll, wielding a +0 halberd
Items here: ))) [[ ††.
The floor.
Unknown command.
You feel better.
The gnoll hits you from afar with a +0 halberd.
* * * LOW HITPOINT WARNING * * *
You feel better.
The gnoll hits you from afar with a +0 halberd!
* * * LOW HITPOINT WARNING * * *
You roll towards the gnoll!
You barely miss the gnoll. The gnoll hits you with a +0 halberd!
* * * LOW HITPOINT WARNING * * *
Aiming: Polymorph
Press: ? - help, Shift-Dir - straight line, f - gnoll
Aim: a gnoll, wielding a +0 halberd (will become an adder, a sky beast, or a bombardier beetle, chance to affect: 57%)
Okay, then.
Unknown command.
Okay, then.
Okay, then.
Sorry, you're not good enough to have a special ability.
Cast which spell? (? or * to list)
Aiming: Sandblast (safe; 1% risk of failure)
Press: ? - help, Shift-Dir - straight line, f - gnoll
Aim: a gnoll, wielding a +0 halberd (85% to hit)
The blast of sand hits the gnoll.
The gnoll is heavily wounded.
* * * LOW MAGIC WARNING * * *
The gnoll hits you with a +0 halberd!
* * * LOW HITPOINT WARNING * * *
The gnoll closely misses you.
Cast which spell? (? or * to list)
Aiming: Sandblast (safe; 1% risk of failure)
Press: ? - help, Shift-Dir - straight line, f/p - gnoll
Aim: a gnoll, wielding a +0 halberd (heavily wounded, 85% to hit)
The blast of sand hits the gnoll.
The gnoll is almost dead.
* * * LOW MAGIC WARNING * * *
The gnoll barely misses you.
Hit: o) +0 quarterstaff
Press: ? - help, Dir - move target, f/p - gnoll
Aim: a gnoll, wielding a +0 halberd (almost dead, about 39% to evade your +0 quarterstaff)
You sock the gnoll!
You kill the gnoll!
The hound bites you.
* * * LOW HITPOINT WARNING * * *
Press: ? - help, v - describe, . - travel, g - get item
Here: a hound
Items here: )))) [[ ††.
The floor.
Hit: o) +0 quarterstaff
Press: ? - help, Dir - move target, f - hound
Aim: a hound (about 54% to evade your +0 quarterstaff)
You hit the hound but do no damage. You tail-slap the hound.
The hound is moderately wounded.
The hound bites you.
You die...

#.#..# .#.... #.##.#
...... #.##.# #....#
+#######..).. #.h...
.........##)# ##.....
###..##.###<# ....?..
######.###.# #.#
##..)..####..........#
#..
.<.....wh@..########.#
### .#...######## #.#
# ## #.##### #......
####### # # #


You could see a hound and a dart slug.

Vanquished Creatures
  A crocodile (Sewer)
  A phantom (D:3)
  A gnoll sergeant (D:5)
  A hound (D:4)
  2 iguanas (D:4)
  Jessica (D:2)
  A sleepcap (D:4)
  6 gnolls
  8 adders
  3 dart slugs
  A ribbon worm (D:4)
  8 orcs
  7 ball pythons
  6 endoplasms
  5 giant cockroaches
  7 goblins
  10 hobgoblins
  11 jackals
  4 quokkas
  5 bats
  A frilled lizard (D:3)
  11 kobolds
  A rat (D:1)
102 creatures vanquished.

Notes
Turn   | Place    | Note
-------+----------+-------------------------------------------
     0 | D:1      | jagoly the Armataur Wanderer began the quest for the Orb.
     0 | D:1      | jagoly set off with the following items: a +0 club, a +0
                  | robe, 2 scrolls of silence; and the following spells
                  | available to memorise: Sandblast, Shock, Stone Arrow,
                  | Summon Lightning Spire, Vhi's Electric Charge.
     0 | D:1      | Reached XP level 1. HP: 18/18 MP: 2/2
    25 | D:1      | Learned a level 1 spell: Sandblast
   103 | D:1      | Reached skill level 2 in Earth Magic
   185 | D:1      | Reached XP level 2. HP: 25/25 MP: 2/4
   608 | D:1      | Reached XP level 3. HP: 30/30 MP: 4/6
  1084 | D:2      | Reached skill level 3 in Earth Magic
  1094 | D:2      | Noticed Sigmund
  1294 | D:2      | Noticed Jessica
  1297 | D:2      | Killed Jessica
  1298 | D:2      | Reached XP level 4. HP: 37/37 MP: 4/7
  1487 | D:2      | Found a runed translucent door.
  1488 | D:2      | Noticed Crazy Yiuf
  1643 | D:3      | Reached skill level 4 in Earth Magic
  1693 | D:3      | Reached XP level 5. HP: 35/42 MP: 2/8
  1773 | D:3      | Found a glowing drain.
  1796 | D:3      | Learned a level 3 spell: Stone Arrow
  1872 | Sewer    | Entered a sewer
  1999 | Sewer    | Noticed a crocodile
  2014 | Sewer    | Killed a crocodile
  2015 | Sewer    | Reached skill level 5 in Earth Magic
  2015 | Sewer    | Reached XP level 6. HP: 15/50 MP: 0/9
  2548 | D:3      | Found a faded altar of an unknown god.
  2888 | D:4      | Reached skill level 6 in Earth Magic
  3040 | D:4      | Reached skill level 1 in Conjurations
  3260 | D:4      | Found an ancient bone altar of Kikubaaqudgha.
  3263 | D:4      | Found a hazy altar of Hepliaklqana.
  3267 | D:4      | Found a sacrificial altar of Ru.
  3268 | D:4      | Found a sparkling altar of Nemelex Xobeh.
  3268 | D:4      | Found an ornate altar of the Wu Jian Council.
  3268 | D:4      | Found an iron altar of Okawaru.
  3269 | D:4      | Found a stormy altar of Qazlal.
  3520 | D:4      | Gained mutation: You regenerate magic and health when
                  | rolling toward enemies. (Rampage Regen) [Armataur growth]
  3520 | D:4      | Reached XP level 7. HP: 50/56 MP: 10/10
  3541 | D:4      | Identified the +0 leather armour "Ytocot" {rC+ Dex+3}
  3761 | D:5      | Entered Level 5 of the Dungeon
  3899 | D:5      | HP: 1/56 [gnoll/+0 halberd[a gnoll sergeant] (8)]
  3902 | D:5      | Slain by a hound

Illustrated notes

Levels and vault maps discovered:
D:1:      eino_arrival_cavern_a, layout_loops_corners
D:2:      layout_loops_corners, nrook_mini_vaults, grunt_ministairs_15,
          uniq_crazy_yiuf_cottage, uniq_jessica, uniq_sigmund
D:3:      layout_loops_ring, hellmonk_ecumenical_altar_leap_of_faith,
          gup_sewer_entry_glass, dreamdust_princess_corridor,
          minmay_misc_feat_nine_boxes
D:4:      layout_gridville, minitemple, grunt_ministairs_7
D:5:      layout_loops_ring, nicolae_shop_fire_sale [nicolae_sub_dead_trees],
          minmay_door_square

Skill      XL: |  1  2  3  4  5  6  7 |
---------------+----------------------+-----
Earth Magic    | 2 3 4 5 6 |  6.0
Spellcasting   | 2 |  2.0
Conjurations   | 2 3 |  3.8
Fighting       | |  2.6
Armour         | |  1.2
Air Magic      | |  2.6

Action                     |  1- 3 |  4- 6 |  7- 9 || total
---------------------------+-------+-------+-------++-------
  Melee: Club              |     1 |       |       ||     1
         Dagger            |     8 |       |       ||     8
         Tailslap          |     1 |       |     1 ||     2
         Hand axe          |     3 |    32 |     1 ||    36
         Quarterstaff      |       |       |     3 ||     3
  Throw: Dart              |       |     3 |       ||     3
   Cast: Sandblast         |    34 |   107 |    28 ||   169
         Stone Arrow       |       |     2 |     2 ||     4
    Use: Scroll            |     1 |     4 |       ||     5
         Potion            |       |     1 |     3 ||     4
 Armour: Robe              |    25 |    77 |       ||   102
         Leather armour    |       |       |    25 ||    25
  Dodge: Dodged            |    15 |    73 |    12 ||   100

Table legend: (Time is in decaauts)
 A = Elapsed time spent in this place.
 B = Non-inter-level travel time spent in this place.
 C = Inter-level travel time spent in this place.
 D = Time resting spent in this place.
 E = Time spent auto-exploring this place.
 F = Levels seen in this place.
 G = Mean time per level.
                   A        B        C        D        E       F      G
               +--------+--------+--------+--------+--------+-----+--------+
         Total |   3996 |   3887 |    109 |    224 |   2481 |   6 |  666.0 |
       Dungeon |   3667 |   3558 |    109 |    182 |   2329 |   5 |  733.4 |
         Sewer |    328 |    328 |      0 |     42 |    152 |   1 |  328.0 |
               +--------+--------+--------+--------+--------+-----+--------+

Top non-repeatable levels by time:
     D:1: 1142 daAuts
     D:3: 934 daAuts
     D:4: 914 daAuts
     D:2: 524 daAuts
   Sewer: 328 daAuts
     D:5: 152 daAuts
